 Dungeon Sprint DCSS version 0.22.1-1-ga44c0e56f4 (webtiles) character file.

4000000 MuseOD the Middleweight Champion (level 26, -37/266 HPs)
             Began as a Ghoul Warper on Oct 7, 2018.
             Was the Champion of Makhleb.
             Annihilated by a destroyer
             ... wielding a +9 great sword of slicing
              (131 damage)
             ... in the Dungeon (Sprint VIII: "Arena of Blood").
             The game lasted 00:01:18 (40 turns).

MuseOD the Middleweight Champion (Ghoul Warper)       Turns: 40, Time: 00:01:18

Health: -37/266    AC:  6    Str: 25    XL:     26   Next: 91%
Magic:  11/53      EV: 24    Int: 10    God:    Makhleb [******]
Gold:   0          SH:  0    Dex:  8    Spells: 79/79 levels left

rFire    . . .     SeeInvis .   b - +∞ Axe of Woe
rCold    + . .     Gourm    .   (shield currently unavailable)
rNeg     + + +     Faith    .   a - +0 leather armour
rPois    ∞         Spirit   .   (no helmet)
rElec    .         Reflect  .   (no cloak)
rCorr    .         Harm     .   (no gloves)
MR       +....     NoTele   +   (no boots)
Stlth    +++++++++.             (no amulet)
HPRegen  0.00/turn              (no ring)
MPRegen  0.33/turn              (no ring)

@: rotting
A: rotting body, claws 1, carnivore, cold resistance 1, negative energy
resistance 3, inhibited regeneration, torment resistance, unbreathing
a: Minor Destruction, Lesser Servant of Makhleb, Major Destruction, Greater
Servant of Makhleb, Renounce Religion


You were in the Dungeon.
You worshipped Makhleb.
Makhleb was exalted by your worship.
You were not hungry.

You visited 1 branch

Inventory:

Hand Weapons
 b - the +∞ Axe of Woe (weapon)
   (You found it in the Dungeon)
Missiles
 d - 5 tomahawks of dispersal (quivered)
Armour
 a - a +0 leather armour (worn)
Scrolls
 c - 2 scrolls of blinking
Potions
 e - a potion of curing
 g - a potion of heal wounds
 h - a potion of haste
 i - 2 potions of magic
 j - a potion of berserk rage
Comestibles
 f - a ration


   Skills:
 O Level 27 Fighting
 O Level 27 Axes
 O Level 27 Throwing
 O Level 27 Armour
 O Level 27 Dodging
 O Level 27 Stealth
 O Level 27 Unarmed Combat
 O Level 27 Spellcasting
   Level 2.6 Translocations
 O Level 27 Invocations


You had 79 spell levels left.
You didn't know any spells.
Your spell library contained the following spells:

 Spells                   Type           Power        Failure   Level  Hunger
 Blink                    Tloc           N/A          1%          2    None
 Shroud of Golubria       Chrm/Tloc      ###.......   2%          2    None
 Gell's Gravitas          Tloc           ###.......   2%          3    None
 Lesser Beckoning         Tloc           ###.......   2%          3    None
 Teleport Other           Tloc           ###.....     2%          3    None
 Passage of Golubria      Tloc           N/A          9%          4    None


Dungeon Overview and Level Annotations

Branches:
Dungeon (1/1)

Altars:
Makhleb

Annotations:
D The Servant


Innate Abilities, Weirdness & Mutations

Your body is rotting away.
You thrive on raw meat.
You are immune to poison.
You have sharp fingernails.
You are carnivorous and can eat meat at any time.
Your flesh is cold resistant. (rC+)
You are immune to negative energy. (rN+++)
You do not regenerate when monsters are visible.
You are immune to unholy pain and torment.
You can survive without breathing.


Message History

The Servant completely misses you.
Unknown command.
You slash the bag of meat!
You fatally mangle the bag of meat.
You kill the bag of meat!
Makhleb accepts your kill.
You hear a shout! x4
The destroyer appears out of thin air!
A destroyer comes into view.
It is wielding a +9 great sword of slicing.
The destroyer blinks!
Unknown command.
You hear a shout! x5
The Servant hits you with a +9 glaive of flaming!!!!
The Servant burns you!
You hear a shout!
A meat berserker comes into view. It is wielding a +9 battleaxe.
The destroyer blinks!
The bag of meat hits you with a +9 war axe!!
You hear a shout!
The destroyer hits you with a +9 great sword of slicing!!!!
You die...

.o.....)))......
.......)))..O.##.
....#....)§..#...
.........§...#V§.
...##.#.§§§......
........)....o..
###....#.O...###
......ooV@oo...#.
........V@o......
##......)=.......
################


You could see The Servant, 3 destroyers, a large bag of meat (inner flame), a
meat berserker (berserk) and 6 bags of meat.

Vanquished Creatures
  2 vampire knights (D)
  16 ogres (D)
  2 two-headed ogres (D)
  25 orcs (D)
45 creatures vanquished.

Notes
Turn   | Place    | Note
-------+----------+-------------------------------------------
     0 | D        | Found the +∞ Axe of Woe
     0 | D        | MuseOD the Ghoul Warper began the quest for the Orb.
     0 | D        | Reached XP level 1. HP: 17/17 MP: 2/2
     4 | D        | Became a worshipper of Makhleb the Destroyer
     4 | D        | Noticed a bag of meat
     4 | D        | Noticed a bag of meat
     6 | D        | Noticed a meat berserker
     6 | D        | Noticed a meat berserker
     7 | D        | Noticed a bag of meat
     8 | D        | Noticed a bag of meat
     8 | D        | Noticed a bag of meat
     8 | D        | Noticed a meat berserker
     9 | D        | Killed a bag of meat
     9 | D        | Reached XP level 2. HP: 47/47 MP: 2/15
     9 | D        | Reached XP level 3. HP: 53/53 MP: 2/16
     9 | D        | Reached XP level 4. HP: 61/61 MP: 2/18
     9 | D        | Reached XP level 5. HP: 68/68 MP: 2/19
     9 | D        | Reached XP level 6. HP: 75/75 MP: 2/21
     9 | D        | Reached XP level 7. HP: 82/82 MP: 2/22
     9 | D        | Reached XP level 8. HP: 90/90 MP: 2/24
     9 | D        | Reached XP level 9. HP: 96/96 MP: 2/25
     9 | D        | Reached XP level 10. HP: 104/104 MP: 2/26
     9 | D        | Reached XP level 11. HP: 111/111 MP: 2/27
     9 | D        | Reached XP level 12. HP: 118/118 MP: 2/28
     9 | D        | Noticed a meat berserker
     9 | D        | Noticed a bag of meat
     9 | D        | Noticed a meat berserker
     9 | D        | Noticed a bag of meat
     9 | D        | Noticed a bag of meat
    10 | D        | Killed a meat berserker
    10 | D        | Reached * piety under Makhleb
    10 | D        | Reached skill level 15 in Dodging
    10 | D        | Reached XP level 13. HP: 134/134 MP: 2/32
    10 | D        | Reached XP level 14. HP: 143/143 MP: 2/33
    10 | D        | Noticed a bag of meat
    10 | D        | Noticed a bag of meat
    11 | D        | Killed a meat berserker
    11 | D        | Reached XP level 15. HP: 40/155 MP: 2/36
    11 | D        | Killed a meat berserker
    11 | D        | Reached skill level 10 in Axes
    11 | D        | Reached XP level 16. HP: 124/168 MP: 2/39
    11 | D        | Noticed a meat berserker
    12 | D        | Noticed a large bag of meat
    12 | D        | Killed a meat berserker
    12 | D        | Reached ** piety under Makhleb
    12 | D        | Noticed a meat berserker
    13 | D        | Killed a meat berserker
    13 | D        | Reached XP level 17. HP: 159/183 MP: 3/42
    13 | D        | Reached *** piety under Makhleb
    13 | D        | Reached skill level 15 in Axes
    13 | D        | Reached skill level 10 in Armour
    13 | D        | Reached XP level 18. HP: 194/194 MP: 3/44
    13 | D        | Reached skill level 10 in Throwing
    14 | D        | Noticed a meat berserker
    14 | D        | Noticed a meat berserker
    15 | D        | Killed a meat berserker
    15 | D        | Reached skill level 27 in Fighting
    15 | D        | Reached skill level 27 in Unarmed Combat
    15 | D        | Reached **** piety under Makhleb
    15 | D        | Reached XP level 19. HP: 207/207 MP: 4/47
    15 | D        | Noticed a meat berserker
    16 | D        | Reached ***** piety under Makhleb
    16 | D        | Reached skill level 27 in Spellcasting
    16 | D        | Noticed a meat berserker
    17 | D        | Noticed a meat berserker
    18 | D        | Killed a meat berserker
    18 | D        | Reached skill level 27 in Axes
    18 | D        | Reached skill level 27 in Dodging
    18 | D        | Reached XP level 20. HP: 204/216 MP: 5/50
    18 | D        | Killed a meat berserker
    18 | D        | Reached XP level 21. HP: 224/224 MP: 5/51
    18 | D        | Killed a meat berserker
    20 | D        | Killed a meat berserker
    20 | D        | Reached ****** piety under Makhleb
    20 | D        | Reached XP level 22. HP: 233/233 MP: 5/52
    20 | D        | Reached skill level 27 in Throwing
    20 | D        | Reached skill level 27 in Armour
    20 | D        | Killed a large bag of meat
    21 | D        | Noticed a large bag of meat
    22 | D        | Reached XP level 23. HP: 240/240 MP: 6/53
    22 | D        | Reached skill level 27 in Stealth
    22 | D        | Reached skill level 27 in Invocations
    23 | D        | Reached XP level 24. HP: 249/249 MP: 6/53
    23 | D        | Noticed a destroyer
    25 | D        | Noticed a destroyer
    26 | D        | Killed a large bag of meat
    27 | D        | Noticed a large bag of meat
    27 | D        | Noticed The Servant
    31 | D        | Killed a destroyer
    31 | D        | Reached XP level 25. HP: 257/257 MP: 9/53
    32 | D        | Noticed a destroyer
    37 | D        | Reached XP level 26. HP: 266/266 MP: 10/53
    37 | D        | Killed a destroyer
    37 | D        | Noticed a destroyer
    39 | D        | Noticed a destroyer
    40 | D        | Annihilated by a destroyer

Skill      XL: |  1  2  3  4  5  6  7  8  9 10 11 12 13 14 15 16 17 18 19 20 21 22 23 |
---------------+----------------------------------------------------------------------+-----
Fighting       | 14 18 20 21 24 25 27 | 27.0
Axes           | 4 7 8 10 13 15 19 27 | 27.0
Throwing       | 4 6 7 8 9 10 12 19 26 27 | 27.0
Armour         | 4 6 7 8 9 10 11 13 19 26 27 | 27.0
Dodging        | 12 15 17 18 21 22 23 27 | 27.0
Unarmed Combat | 14 17 20 21 24 25 27 | 27.0
Spellcasting   | 13 16 18 20 22 23 25 27 | 27.0
Stealth        | 25 27 | 27.0
Invocations    | 23 27 | 27.0
Translocations | |  2.6

Action                   |  1- 3 |  4- 6 |  7- 9 | 10-12 | 13-15 | 16-18 | 19-21 | 22-24 | 25-27 || total
-------------------------+-------+-------+-------+-------+-------+-------+-------+-------+-------++-------
Melee: Executioner's axe |     1 |       |       |     1 |     1 |     3 |     3 |     4 |     5 ||    18
Dodge: Dodged            |       |       |       |       |       |       |     1 |     2 |     2 ||     5
